 Dungeon Crawl Stone Soup version 0.29-a0-266-gf56f883ddd (webtiles) character file.

Game seed: 14372029361883929874

107033 fragbeetle the Protected (level 17, -7/110 HPs)
             Began as a Djinni Conjurer on Mar 6, 2022.
             Was a Priest of Hepliaklqana.
             Mangled by a cyclops (20 damage)
             ... on level 15 of the Dungeon.
             The game lasted 01:53:17 (25170 turns).

fragbeetle the Protected (Djinni Conjurer)         Turns: 25170, Time: 01:53:18

Health: -7/110     AC: 18    Str: 21    XL:     17   Next: 0%
Gold:   3562       EV: 15    Int: 23    God:    Hepliaklqana [***...] SH:  0 Dex: 12

rFire   + + .      SeeInvis .   a - +1 quarterstaff (spect)
rCold   . . .      Faith    .   (shield currently unavailable)
rNeg    . . .      Spirit   .   C - quicksilver dragon scales
rPois   ∞          Reflect  .   k - +0 helmet
rElec   .          Harm     .   D - +0 cloak "Xijo" {Rampage rC+ Str+3 Dex-3}
rCorr   .          Rampage  +   t - +0 pair of gloves
Will    ++...                   (boots unavailable)
Stlth   +.........              g - amulet of regeneration
HPRegen 1.08/turn               s - +6 ring of strength
MPRegen 0.00/turn               m - ring of wizardry

@: unable to drink, flying
A: reduced essence, sickness immunity, fire resistance 2, cold vulnerability 1,
inability to drink while threatened, float, innate caster, HP casting, extra
vitality 1, agile 1, sense surroundings 1, strong 1
a: Renounce Religion, Recall Ancestor, Ancestor Identity, Transference


You were on level 15 of the Dungeon.
You worshipped Hepliaklqana.
Hepliaklqana was most pleased with you.
You visited 4 branches of the dungeon, and saw 24 of its levels.
You also visited: Bailey and Gauntlet.

You collected 4763 gold pieces.
You spent 1201 gold pieces at shops.

Inventory:

Hand Weapons
 a - a +1 spectral quarterstaff (weapon)
 p - a +2 vampiric glaive
 E - a +1 shortbow of flaming
 S - the +1 mace of Widwaoq {elec, Int+4 Dex-2 Stlth+}
   (You found it on level 14 of the Dungeon)

   It occasionally discharges a powerful burst of electricity upon striking a
   foe.
   Int:       It affects your intelligence (+4).
   Dex:       It affects your dexterity (-2).
   Stlth:     It makes you more stealthy.
Missiles
 j - 3 throwing nets
 l - 4 curare-tipped darts
Armour
 c - a +1 cloak of willpower
 k - a +0 helmet (worn)
 t - a +0 pair of gloves (worn)
 C - quicksilver dragon scales (worn)
 D - the +0 cloak "Xijo" (worn) {Rampage rC+ Str+3 Dex-3}
   (You found it in a Gauntlet)

   Str:       It affects your strength (+3).
   Dex:       It affects your dexterity (-3).
   rC:        It protects you from cold.
   Rampage:   It bestows one free step when moving towards enemies.
Magical Staves
 b - a staff of conjuration
Jewellery
 g - an amulet of regeneration (around neck)
 m - a ring of wizardry (right hand)
 s - a +6 ring of strength (left hand)
 y - the ring "Fopso" {rPois rCorr Dex+2 Stlth+}
   (You found it in a Gauntlet)

   [ring of poison resistance]

   Dex:       It affects your dexterity (+2).
   rPois:     It protects you from poison.
   rCorr:     It protects you from acid and corrosion.
   Stlth:     It makes you more stealthy.
 F - a ring of see invisible
 K - a ring of protection from cold
 P - the macabre finger necklace {rN+}
   (You found it in a Gauntlet)

   [amulet of nothing]

   It enables you to equip an extra ring.
   rN:        It protects you from negative energy.
Wands
 u - a wand of acid (3)
 x - a wand of mindburst (12)
 L - a wand of paralysis (10)
 M - a wand of flame (7)
 N - a wand of charming (2)
Scrolls
 h - a scroll of summoning {unknown}
 v - 5 scrolls of teleportation
 z - 2 scrolls of amnesia {unknown}
 B - 7 scrolls of immolation
 G - 4 scrolls of blinking
 I - 3 scrolls of silence
 J - 3 scrolls of magic mapping {unknown}
 O - a scroll of enchant armour {unknown}
 Q - 4 scrolls of fear
 T - 5 scrolls of fog {unknown}
 U - a scroll of noise {unknown}
 V - 2 scrolls of vulnerability {unknown}
Potions
 d - 10 potions of curing
 e - a potion of attraction
 i - a potion of berserk rage
 n - a potion of might
 o - 5 potions of brilliance
 q - 3 potions of mutation
 r - a potion of resistance {unknown}
 w - a potion of magic {unknown}
 A - 2 potions of heal wounds
 H - a potion of invisibility
 X - 2 potions of cancellation
 Y - a potion of haste
Miscellaneous
 f - a box of beasts
 R - a tin of tremorstones (2/2)


   Skills:
 - Level 12.0 Fighting
 - Level 5.8 Axes
 - Level 6.0 Staves
 + Level 12.5 Armour
 - Level 10.0 Dodging
 - Level 1.5 Stealth
 - Level 12.0 Spellcasting
 - Level 10.0 Invocations
 - Level 10.0 Evocations


You couldn't memorise any spells.
You knew the following spells:

 Your Spells              Type           Power      Damage    Failure   Level
a - Magic Dart            Conj           100%       1d8       1%          1
b - Searing Ray           Conj           100%       2d8       1%          2
c - Dazzling Flash        Conj/Hex       100%       N/A       1%          3
d - Fulminant Prism       Conj/Hex       31%        3d16      1%          4
e - Iskenderun's Mystic   Conj/Tloc      62%        2d13      1%          4
f - Apportation           Tloc           100%       N/A       1%          1
g - Poisonous Vapours     Pois/Air       100%       N/A       1%          2
h - Spider Form           Tmut/Pois      62%        N/A       1%          3
i - Confusing Touch       Hex            62%        N/A       1%          3
j - Agony                 Necr           62%        N/A       1%          5
k - Dispersal             Tloc           31%        N/A       3%          6
l - Dragon Form           Tmut           31%        N/A       16%         7
v - Irradiate             Conj/Tmut      31%        3d23      1%          5
Your spell library was empty.

Dungeon Overview and Level Annotations

Branches:
Dungeon (15/15)            Temple (1/1) D:5            Lair (6/6) D:11
  Swamp (0/4) Lair:4        Snake (0/4) Lair:4        Slime (0/5) Lair:5
    Orc (2/2) D:10            Elf (0/3) Orc:2        Vaults (0/5) D:14
 Bailey (visited)         Gauntlet (visited)
 Depths: D:15

Altars:
Ashenzari
Cheibriados
Dithmenos
Elyvilon
Fedhas
Gozag
Hepliaklqana
Kikubaaqudgha
Makhleb
Nemelex Xobeh
Okawaru
Qazlal
Ru
Sif Muna
Trog
Uskayaw
Vehumet
Wu Jian
Xom
Yredelemnul
Zin
The Shining One
Beogh
Jiyva

Shops:
D:5 (   D:7 *   D:14 !   D:15 ==   Orc:2 [=(*

Annotations:
D:6 exclusion: door


Innate Abilities, Weirdness & Mutations

Your life essence is reduced to manifest your ancestor. (-10% HP)
You are immune to sickness and miasma.
You are immune to poison.
Your flesh is very heat resistant. (rF++)
You are vulnerable to cold. (rC-)
You sometimes lose the ability to drink potions when taking damage.
You float through the air rather than walking.
You learn spells naturally, not from books.
Your magical power is your life essence.
You have superior vitality. (+4 MHP)
You are agile. (Dex +2)
You passively map a small area around you.
Your muscles are strong. (Str +2)


Message History

Press: ? - help, Dir - move target, f/p - orc knight
Aim: an orc knight, wielding a +0 battleaxe and wearing a +10 plate armour of ponderousness (lightly wounded, extremely poisoned) Poisonous vapours surround the orc knight!
The orc knight looks as sick as possible!
Casting: Poisonous Vapours (safe; 1% risk of failure)
Confirm with . or Enter, or press ? or * to list all spells.
Okay, then.
The orc knight roars a battlecry!
The orc goes into a battle-frenzy!
You barely miss the orc.
Your +1 spectral quarterstaff hits the orc!
You kill the orc!
You barely miss the orc knight.
The orc knight is lightly wounded.
Your +1 spectral quarterstaff hits the orc knight but does no damage.
The orc knight hits you with a +0 battleaxe!!
You feel threatened and lose the ability to drink potions!
* * * LOW HITPOINT WARNING * * *
The orc knight hits your +1 spectral quarterstaff with a +0 battleaxe!
Your spectral weapon shares its damage with you!
* * * LOW HITPOINT WARNING * * *
You hear a shout!
Casting: Poisonous Vapours (safe; 1% risk of failure)
Confirm with . or Enter, or press ? or * to list all spells.
Casting: Dispersal (dangerous; 3% risk of failure)
Press: ? - help, Dir - look around, f - activate Your +1 spectral quarterstaff blinks!
The orc knight disappears!
* * * LOW HITPOINT WARNING * * *
Unknown command.
A cyclops comes into view.
The cyclops hits you but does no damage.
You barely miss the cyclops.
Your +1 spectral quarterstaff completely misses the cyclops.
The cyclops hits you but does no damage.
You sock the cyclops!
The cyclops is lightly wounded.
Your +1 spectral quarterstaff hits the cyclops!
The cyclops hits you!!
You die...

* #.., #...........
#... #........... ,
,#... #............. ,
, #....#............#*
,,,#...†#.......##..#
, ,.#...#........#..#
.'..#.#)........#
,#.#.(C#.......## , ,
, #..∩.@#§....## , ,
.....#...#.†....# ,
......#.#.......# ,+ *
####...#...###...#
.................., ,
,.o...............## *
....................
,,
....................,,
* * ,
.................... *


You could see a cyclops, an orc warrior and a friendly +1 spectral quarterstaff
(summoned).

Vanquished Creatures
  A frost giant (D:14)
  An orc warlord (Orc:2)
  A minotaur (Gauntlet)
  7 hydras
  A catoblepas (D:11)
  3 boulder beetles
  A death knight (D:14)
  3 centaur warriors
  Erica (Lair:2)
  16 death yaks
  A hell hog (Gauntlet)
  7 two-headed ogres
  2 tengu warriors (D:14)
  7 skeletal warriors (D:12)
  Amaemon (D:8)
  5 orc knights
  Pikel (D:8)
  2 manticores
  3 orc sorcerers
  3 deep elf pyromancers
  8 ugly things
  A cyclops (D:14)
  10 elephants
  6 black mambas
  4 cane toads
  An orange demon (D:8)
  2 kobold demonologists
  A gargoyle (D:11)
  2 efreet
  A freezing wraith (D:14)
  A tengu conjurer (D:14)
  A rime drake (Lair:2)
  5 komodo dragons
  7 trolls
  A slime creature (D:13)
  A polar bear (shapeshifter) (D:15)
  A polar bear (Lair:3)
  10 blink frogs
  Prince Ribbit (D:7)
  A dream sheep (Lair:2)
  5 wyverns
  2 centaur simulacra (D:14)
  A vampire (D:14)
  52 yaks
  3 fire bats (Gauntlet)
  Eustachio (D:4)
  3 vampire mosquitoes (D:12)
  6 basilisks
  6 wargs
  4 swamp worms
  2 acid dragons
  3 nagas (Lair:4)
  16 water moccasins
  2 hell hounds (Gauntlet)
  An ice beast (D:7)
  26 orc warriors
  4 black bears
  7 wolves
  4 centaurs
  6 ogres
  A phantom (D:5)
  A lemure (D:8)
  2 kobold brigands
  Blork the orc (D:4)
  A necrophage (D:7)
  10 bullfrogs
  A gnoll sergeant (D:13)
  4 scorpions
  7 wights
  A hornet simulacrum (D:14)
  12 killer bees
  A howler monkey (D:11)
  2 gnoll shamans
  3 jellies
  14 orc priests
  5 hounds
  19 orc wizards
  Natasha (thrice) (D:3)
  A scorpion zombie (D:4)
  2 hound zombies (D:4)
  16 gnolls
  5 adders
  7 shadow imps
  A white imp (D:7)
  An ufetubus (D:3)
  3 adder zombies (D:4)
  A worm (D:3)
  68 orcs
  5 endoplasms
  3 giant cockroaches
  11 goblins
  3 hobgoblins
  4 iguanas
  10 jackals
  27 kobolds
  4 quokkas
  3 training dummies (D:5)
  4 ball pythons
  2 bats
  3 frilled lizards
  A jackal zombie (D:4)
  A rat (D:1)
  A bush (D:11)
  A butterfly (Lair:2)
562 creatures vanquished.

Vanquished Creatures (collateral kills)
  Jorgrun (D:14)
  Snorg (Lair:4)
  4 hydras
  3 catoblepae (Lair:6)
  6 two-headed ogres
  2 centaur warriors (D:14)
  A death yak (Lair:6)
  An orc high priest (Orc:2)
  A soul eater (Gauntlet)
  Sonja (D:12)
  A skeletal warrior (D:12)
  Lodul (D:14)
  A harpy (D:14)
  A deep elf pyromancer (D:12)
  2 orc knights (Orc:2)
  A deep elf zephyrmancer (D:14)
  A necromancer (D:14)
  5 manticores
  6 cyclopes
  7 slime creatures
  3 ugly things
  An elephant (Lair:6)
  2 cane toads
  An efreet (D:15)
  A freezing wraith (D:14)
  A rime drake (Lair:6)
  2 trolls
  A blink frog (Lair:6)
  9 yaks
  A fire bat (Gauntlet)
  A basilisk (D:13)
  A warg (Orc:2)
  2 vampire mosquitoes (D:12)
  A naga (Lair:4)
  An acid dragon (D:13)
  3 water moccasins
  8 orc warriors
  4 ogres
  2 bullfrogs
  5 orc priests (Orc:2)
  6 orc wizards
  11 orcs
114 creatures vanquished.

Vanquished Creatures (others)
  4 ancestors
  8 knights
  An orc wizard (Orc:2)
  2 bushes (Lair:1)
  14 demonic plants (Gauntlet)
  160 fulminant prisms
  30 fungi
  86 plants
  2 withered plants
307 creatures vanquished.

Grand Total: 983 creatures vanquished

Notes
Turn   | Place    | Note
-------+----------+-------------------------------------------
     0 | D:1      | fragbeetle the Djinni Conjurer began the quest for the Orb.
     0 | D:1      | Reached XP level 1. HP: 15/15 MP: 0/0
   381 | D:1      | Reached XP level 2. HP: 17/22 MP: 0/0
   384 | D:1      | Reached skill level 1 in Fighting
  1295 | D:2      | Reached XP level 3. HP: 25/27 MP: 0/0
  1295 | D:2      | Learned a level 1 spell: Apportation
  1803 | D:2      | Found a shimmering altar of Xom.
  1808 | D:2      | Identified the +1 chain mail of the Engineer {MP+9 Str-2
                  | Stlth+}
  2319 | D:3      | Noticed a scorpion
  2324 | D:3      | Killed a scorpion
  2325 | D:3      | Reached XP level 4. HP: 26/34 MP: 0/0
  2471 | D:3      | Reached XP level 5. HP: 34/39 MP: 0/0
  2471 | D:3      | Learned a level 2 spell: Poisonous Vapours
  2597 | D:3      | Noticed Natasha
  2600 | D:3      | Killed Natasha
  2895 | D:3      | Noticed Natasha
  2902 | D:3      | Killed Natasha
  3196 | D:3      | Reached XP level 6. HP: 41/46 MP: 0/0
  3287 | D:3      | Noticed Natasha
  3292 | D:3      | Killed Natasha
  3511 | D:4      | Noticed Blork the orc
  3512 | D:4      | Reached skill level 5 in Spellcasting
  3521 | D:4      | Killed Blork the orc
  3522 | D:4      | Reached XP level 7. HP: 21/50 MP: 0/0
  3522 | D:4      | Learned a level 3 spell: Spider Form
  4138 | D:4      | Found a shimmering altar of Xom.
  4431 | D:4      | Noticed Eustachio
  4438 | D:4      | Killed Eustachio
  4439 | D:4      | Reached XP level 8. HP: 51/56 MP: 0/0
  4740 | D:4      | Found a sacrificial altar of Ru.
  4750 | D:4      | Reached skill level 5 in Dodging
  4752 | D:4      | Became a worshipper of Ru the Awakened
  4966 | D:5      | Entered Level 5 of the Dungeon
  4974 | D:5      | Identified the +7 hand axe of Subterfuge {vorpal, Will+}
  4977 | D:5      | Found Jasuh's Firing Range.
  5040 | D:5      | Reached skill level 1 in Axes
  5266 | D:5      | Found an opulent altar of Gozag.
  5385 | D:5      | Found a sparkling altar of Nemelex Xobeh.
  5416 | D:5      | Found a staircase to the Ecumenical Temple.
  5443 | Temple   | Entered the Ecumenical Temple
  6953 | D:6      | Reached XP level 9. HP: 40/60 MP: 0/0
  6953 | D:6      | Learned a level 3 spell: Confusing Touch
  7114 | D:6      | Gained mutation: You sometimes lose the ability to drink
                  | potions when taking damage. [Ru sacrifice]
  7114 | D:6      | Reached * piety under Ru
  7410 | D:6      | Reached skill level 5 in Axes
  7512 | D:7      | Found Fimao's Neck Hole.
  7521 | D:7      | Bought an amulet of regeneration for 390 gold pieces
  7633 | D:7      | Identified the +7 dagger of Discretion {vorpal, rC- Int+5}
  7712 | D:7      | Found a flagged portal.
  7729 | Bailey   | Entered a bailey
  7811 | Bailey   | Identified the +1 plate armour of the Eagle {Harm rC+
                  | Str+4}
  8381 | D:7      | Noticed Prince Ribbit
  8392 | D:7      | Killed Prince Ribbit
  8556 | D:7      | Reached XP level 10. HP: 55/67 MP: 0/0
  8573 | D:7      | Found a snail-covered altar of Cheibriados.
  8577 | D:7      | Found a basalt altar of Yredelemnul.
  8590 | D:7      | Reached skill level 1 in Staves
  9240 | D:8      | Noticed Pikel
  9248 | D:8      | Killed Pikel
  9249 | D:8      | Reached skill level 5 in Fighting
  9316 | D:8      | Noticed a two-headed ogre
  9358 | D:8      | Killed a two-headed ogre
  9460 | D:8      | Noticed Amaemon
  9462 | D:8      | Noticed an orange demon
  9485 | D:8      | Killed Amaemon
  9486 | D:8      | Reached skill level 5 in Staves
  9495 | D:8      | Killed an orange demon
  9507 | D:8      | Reached XP level 11. HP: 74/76 MP: 0/0
  9507 | D:8      | Learned a level 5 spell: Irradiate
 10471 | D:9      | Noticed a deep elf pyromancer
 10479 | D:9      | Killed a deep elf pyromancer
 10771 | D:10     | Entered Level 10 of the Dungeon
 10959 | D:10     | Found a staircase to the Orcish Mines.
 11133 | D:10     | Noticed a two-headed ogre
 11848 | D:11     | Noticed a two-headed ogre
 11863 | D:11     | Noticed a green ugly thing
 12018 | D:10     | Gained mutation: You tend to lose your temper in combat.
                  | [mutagenic glow]
 12100 | D:10     | Lost mutation: You tend to lose your temper in combat.
                  | [potion of mutation]
 12100 | D:10     | Gained mutation: You have hidden genetic potential. [potion
                  | of mutation]
 12100 | D:10     | Gained mutation: Your muscles are strong. (Str +2) [potion
                  | of mutation]
 12174 | D:11     | Noticed a sixfirhy
 12264 | D:11     | Killed a two-headed ogre
 12265 | D:11     | Reached XP level 12. HP: 51/83 MP: 0/0
 12354 | D:11     | Noticed a catoblepas
 12365 | D:11     | Killed a catoblepas
 12366 | D:11     | Reached skill level 10 in Dodging
 12525 | D:11     | Reached skill level 10 in Spellcasting
 12625 | D:11     | Noticed a two-headed ogre
 12630 | D:11     | Killed a two-headed ogre
 12709 | D:11     | Found a staircase to the Lair.
 12808 | D:11     | Found a faded altar of an unknown god.
 12808 | D:11     | Found a hazy altar of Hepliaklqana.
 12809 | D:11     | Found a faded altar of an unknown god.
 12975 | D:11     | Noticed a five-headed hydra
 12983 | D:11     | Killed a five-headed hydra
 13050 | Lair:1   | Entered Level 1 of the Lair of Beasts
 13058 | Lair:1   | Reached skill level 5 in Armour
 13120 | Lair:1   | Gained mutation: You are agile. (Dex +2) [hidden potential]
 13967 | D:11     | Fell from the grace of Ru
 13967 | D:11     | Became a worshipper of Hepliaklqana the Forgotten
 14222 | Lair:2   | Reached XP level 13. HP: 86/87 MP: 0/0
 14222 | Lair:2   | Learned a level 5 spell: Agony
 14336 | Lair:2   | Noticed Erica
 14347 | Lair:2   | Killed Erica
 15049 | Lair:3   | Reached skill level 10 in Armour
 15139 | Lair:3   | Reached * piety under Hepliaklqana
 15368 | Lair:3   | Noticed an eight-headed hydra
 15375 | Lair:3   | Killed an eight-headed hydra
 15515 | Lair:3   | Gained mutation: You passively map a small area around you.
                  | [hidden potential]
 15515 | Lair:3   | Lost mutation: You have hidden genetic potential. [hidden
                  | potential expressed]
 15882 | Lair:4   | Noticed a seven-headed hydra
 15892 | Lair:4   | Killed a seven-headed hydra
 16041 | Lair:4   | Reached skill level 10 in Fighting
 16041 | Lair:4   | Reached skill level 1 in Invocations
 16114 | Lair:4   | Found a glowing silver altar of Zin.
 16130 | Lair:4   | Reached XP level 14. HP: 91/92 MP: 0/0
 16149 | Lair:4   | Reached ** piety under Hepliaklqana
 16151 | Lair:4   | Remembered your ancestor Jeannie as a knight
 16182 | Lair:4   | Found a staircase to the Snake Pit.
 16210 | Lair:4   | Reached skill level 5 in Invocations
 16210 | Lair:4   | Reached skill level 1 in Evocations
 16219 | Lair:4   | Noticed Snorg
 16229 | Lair:4   | Killed Snorg
 16670 | Lair:4   | Found a staircase to the Swamp.
 16970 | Lair:5   | Found a viscous altar of Jiyva.
 16972 | Lair:5   | Found a staircase to the Slime Pits.
 17094 | Lair:5   | Found a gate leading to a gauntlet.
 17104 | Gauntlet | Entered a Gauntlet
 17104 | Gauntlet | Found a transporter.
 17104 | Gauntlet | Found a transporter.
 17110 | Gauntlet | Found a transporter.
 17123 | Gauntlet | Found a transporter.
 17141 | Gauntlet | Found a transporter.
 17141 | Gauntlet | Found a transporter.
 17144 | Gauntlet | Found a transporter.
 17144 | Gauntlet | Found a transporter.
 17144 | Gauntlet | Found a transporter.
 17152 | Gauntlet | Found a runed translucent door.
 17152 | Gauntlet | Found a runed translucent door.
 17154 | Gauntlet | Reached *** piety under Hepliaklqana
 17156 | Gauntlet | Found a transporter.
 17174 | Gauntlet | Found a transporter.
 17184 | Gauntlet | Found a transporter.
 17199 | Gauntlet | Found a transporter.
 17219 | Gauntlet | Found a transporter.
 17407 | Gauntlet | Identified the ring "Fopso" {rPois rCorr Dex+2 Stlth+}
 17499 | Gauntlet | Identified the +0 cloak "Xijo" {Rampage rC+ Str+3 Dex-3}
 17518 | Gauntlet | Found the macabre finger necklace {rN+}
 17518 | Gauntlet | Noticed a minotaur
 17534 | Gauntlet | Killed a minotaur
 17910 | Lair:5   | Reached skill level 5 in Evocations
 18188 | Lair:6   | Entered Level 6 of the Lair of Beasts
 19123 | Lair:6   | Reached XP level 15. HP: 76/96 MP: 0/0
 19123 | Lair:6   | Learned a level 6 spell: Dispersal
 19300 | Lair:6   | Reached **** piety under Hepliaklqana
 19844 | Orc:1    | Entered Level 1 of the Orcish Mines
 20092 | Orc:2    | Entered Level 2 of the Orcish Mines
 20107 | Orc:2    | Reached skill level 10 in Invocations
 20344 | Orc:2    | Noticed an orc warlord
 20711 | Orc:2    | Reached skill level 10 in Evocations
 20731 | Orc:2    | Killed an orc warlord
 21059 | Orc:2    | Found Seacanoa's Antique Armour Shop.
 21083 | Orc:2    | Found Bazei's Antique Weapon Shop.
 21131 | Orc:2    | Found Syobai's Jewellery Shop.
 21147 | Orc:2    | Found Soage's General Store.
 21154 | Orc:2    | Bought a potion of heal wounds for 85 gold pieces
 21184 | Orc:2    | Found a staircase to the Elven Halls.
 21348 | Orc:2    | Bought an embroidered cloak for 270 gold pieces
 21366 | Orc:2    | Bought a ring of wizardry for 360 gold pieces
 21723 | D:12     | Noticed Sonja
 21739 | D:12     | Killed Sonja
 22108 | D:12     | Reached XP level 16. HP: 88/101 MP: 0/0
 22279 | D:12     | Identified the +0 robe "Hekubiw" {rPois Will+}
 22665 | D:13     | Found an ornate altar of the Wu Jian Council.
 23578 | D:14     | Noticed a frost giant
 23664 | D:14     | Found Bitigozxing's Distillery.
 23679 | D:14     | Noticed Lodul
 23686 | D:14     | Killed Lodul
 23711 | D:14     | Noticed Jorgrun
 23726 | D:14     | Killed Jorgrun
 23738 | D:14     | Bought 2 potions of curing for 96 gold pieces
 23869 | D:14     | Found a gate to the Vaults.
 24382 | D:14     | Killed a frost giant
 24697 | D:14     | Identified the +1 mace of Widwaoq {elec, Int+4 Dex-2
                  | Stlth+}
 25000 | D:15     | Entered Level 15 of the Dungeon
 25039 | D:15     | Found Neblaq's Jewellery Shoppe.
 25110 | D:15     | Found Gusuoxt's Jewellery Emporium.
 25144 | D:15     | HP: 4/106 [warg[an orc knight] (2)]
 25159 | D:15     | Reached XP level 17. HP: 39/110 MP: 0/0
 25159 | D:15     | Learned a level 7 spell: Dragon Form
 25170 | D:15     | Mangled by a cyclops

Illustrated notes

Levels and vault maps discovered:
D:1:      sevenhm_arrival_forest_fort_small_4, layout_basic
D:2:      layout_loops_corners, basic_altar, grunt_ministairs_14
D:3:      layout_basic, uniq_natasha
D:4:      layout_loops_ring, dk_xom_monty_hall, nicolae_ru_sacrificial_ziggurat,
          serial_undead, serial_undead_f, serial_undead_d, serial_undead_b,
          serial_undead_a, uniq_eustachio, uniq_blork_the_orc
D:5:      layout_loops_cross, kennysheep_mini,
          nicolae_gozag_cash_rules_everything_around_me,
          minmay_temple_entry_wispy, nicolae_shop_firing_range
D:6:      cheibrodos_two_vegetables, layout_basic
D:7:      layout_loops_corners, grunt_temple_overflow_open, enter_bailey_5,
          kennysheep_small_spiral, nicolae_shop_sticking_my_neck_out,
          uniq_prince_ribbit1
D:8:      layout_loops_ring, dk_noncrumbling_4, uniq_amaemon, uniq_pikel
D:9:      layout_basic
D:10:     layout_long_grid, hiddenorc1_lemuel, grunt_decor_mini_mirrors
D:11:     layout_cave_pools, minmay_lair_entry_grove, serial_park,
          serial_park_paths [serial_park_minivault_5x5_3], serial_park_square3
          [serial_park_minivault_5x5_5], serial_park_gazebo
          [serial_park_minivault_5x5_6], serial_park_tiny_1,
          nicolae_hepliaklqana_ecumenical_no_more
D:12:     layout_irregular_city, hellmonk_guarded_unrand_vines, uniq_sonja
D:13:     layout_loops_ring, grunt_ministairs_5, nzn_wu_jian_contemplation
D:14:     minmay_connected_boxes_in_corner, layout_basic, david_vaults_1,
          minivault_26, serial_shops, shop, uniq_jorgrun, uniq_lodul
D:15:     hangedman_depths_entry_try_elsewhere_first, layout_irregular_city,
          serial_shops, bzr_firewalk, nicolae_diamond_shop,
          nicolae_shop_crystal, nicolae_diamond_shop, shop,
          nemelex_spade_bored_becter
Temple:   regret_index_temple_generic_petals
Lair:1:   layout_cave_pods, serial_forest, infiniplex_forest_lined_ring,
          infiniplex_forest_clump_tiny, infiniplex_forest_lined_room_,
          infiniplex_forest_lined_room_2, infiniplex_forest_lined_3,
          infiniplex_forest_lined_2, infiniplex_forest_clump_cross,
          infiniplex_forest_clump_C, infiniplex_forest_lined_2
Lair:2:   layout_loops_ring, small_statue_intersection,
          dreamdust_gnoll_shepherd, lemuel_fruit_fields, uniq_erica
Lair:3:   layout_regular_city, lemuel_fruit_tree
Lair:4:   layout_concentric_octagons, palyth_hydra_swamp_entry,
          minmay_snake_entry_guardpost_small, basic_altar, grunt_megastairs_2,
          lemuel_fruit_fields, uniq_snorg
Lair:5:   layout_cave_pods, slime_altar_1, gauntlet_entry_generic
Lair:6:   evilmike_catoblepas_cave, layout_hall_layers, grunt_megastairs_5
Orc:1:    layout_diamond_mine
Orc:2:    grunt_orc_cross, layout_caves

Skill      XL: |  1  2  3  4  5  6  7  8  9 10 11 12 13 14 15 16 |
---------------+-------------------------------------------------+-----
Fighting       | 1 2 3 6 10 12 | 12.0
Spellcasting   | 4 5 6 8 9 10 12 | 12.0
Dodging        | 4 5 9 10 | 10.0
Axes           | 4 5 |  5.8
Staves         | 6 |  6.0
Armour         | 8 10 11 12 | 12.5
Invocations    | 4 9 10 | 10.0
Evocations     | 7 10 | 10.0
Stealth        | |  1.5

Action                   |  1- 3 |  4- 6 |  7- 9 | 10-12 | 13-15 | 16-18 || total
-------------------------+-------+-------+-------+-------+-------+-------++-------
Melee: Whip              |       |     1 |       |       |       |       ||     1
       Dagger            |       |       |    23 |       |       |       ||    23
       Hand axe          |       |       |    26 |       |       |       ||    26
       Unarmed           |       |       |    13 |       |       |       ||    13
       Staff             |       |       |    15 |    82 |     6 |       ||   103
       Quarterstaff      |       |       |       |    11 |   248 |   117 ||   376
       Punch             |       |       |       |     1 |       |       ||     1
 Cast: Magic Dart        |    57 |    32 |    75 |    74 |    46 |     4 ||   288
       Searing Ray       |     5 |     6 |    33 |    49 |    38 |    21 ||   152
       Poisonous Vapours |       |    17 |    29 |    72 |   182 |    61 ||   361
       Fulminant Prism   |       |     1 |    10 |    41 |    84 |    24 ||   160
       Iskenderun's Myst |       |       |     2 |     8 |     8 |     6 ||    24
       Spider Form       |       |       |     1 |       |       |       ||     1
       Confusing Touch   |       |       |     1 |       |       |       ||     1
       Irradiate         |       |       |       |    29 |    36 |    13 ||    78
       Dazzling Flash    |       |       |       |       |     3 |       ||     3
       Dispersal         |       |       |       |       |     3 |     4 ||     7
Invok: Sacrifice Drink   |       |       |     1 |       |       |       ||     1
       Reject Sacrifices |       |       |       |     1 |       |       ||     1
       Ancestor Identity |       |       |       |       |     1 |       ||     1
       Recall Ancestor   |       |       |       |       |    13 |       ||    13
       Ancestor Life: Kn |       |       |       |       |     1 |       ||     1
       Transference      |       |       |       |       |     3 |     1 ||     4
       Idealise          |       |       |       |       |     1 |     3 ||     4
 Abil: End Transformatio |       |       |     1 |       |       |       ||     1
Evoke: Box of beasts     |       |       |       |       |     2 |     1 ||     3
       Wand              |       |       |       |       |     1 |     3 ||     4
       Tin of tremorston |       |       |       |       |     2 |       ||     2
  Use: Potion            |       |       |     1 |     1 |     4 |     1 ||     7
       Scroll            |       |       |       |    12 |     8 |     3 ||    23
 Stab: Distracted        |       |       |       |     1 |     5 |     3 ||     9
       Sleeping          |       |       |       |       |     1 |       ||     1
       Confused          |       |       |       |       |       |     1 ||     1
Armor: Leather armour    |     1 |       |     5 |    29 |       |       ||    35
       Robe              |     3 |       |    13 |       |       |       ||    16
       Skin              |       |       |     1 |       |       |       ||     1
       Acid dragon scale |       |       |       |    28 |    57 |       ||    85
       Quicksilver drago |       |       |       |       |    36 |    79 ||   115
Dodge: Dodged            |     2 |     1 |    69 |   132 |   206 |   108 ||   518
Block: Buckler           |     1 |       |    13 |    26 |       |       ||    40

Table legend: (Time is in decaauts)
 A = Elapsed time spent in this place.
 B = Non-inter-level travel time spent in this place.
 C = Inter-level travel time spent in this place.
 D = Time resting spent in this place.
 E = Time spent auto-exploring this place.
 F = Levels seen in this place.
 G = Mean time per level.
                   A        B        C        D        E       F      G
               +--------+--------+--------+--------+--------+-----+--------+
         Total |  25203 |  23890 |   1313 |   2293 |  15182 |  26 |  969.3 |
       Dungeon |  16033 |  15233 |    800 |   1307 |  10709 |  15 | 1068.9 |
        Temple |    214 |    190 |     24 |      0 |    184 |   1 |  214.0 |
          Lair |   6160 |   5751 |    409 |    409 |   3645 |   6 | 1026.7 |
  Orcish Mines |   1762 |   1683 |     79 |    386 |    432 |   2 |  881.0 |
        Bailey |    509 |    509 |      0 |    142 |     49 |   1 |  509.0 |
      Gauntlet |    522 |    522 |      0 |     49 |    163 |   1 |  522.0 |
               +--------+--------+--------+--------+--------+-----+--------+

Top non-repeatable levels by time:
     D:5: 1667 daAuts
    D:10: 1598 daAuts
     D:4: 1495 daAuts
    D:14: 1483 daAuts
  Lair:6: 1410 daAuts
     D:1: 1279 daAuts
     D:3: 1164 daAuts
  Lair:1: 1084 daAuts
     D:7: 1034 daAuts
     D:2: 1032 daAuts
     D:9: 1012 daAuts
   Orc:2: 1002 daAuts
  Lair:4: 985 daAuts
    D:13: 970 daAuts
  Lair:5: 958 daAuts
